 Dungeon Crawl Stone Soup version 0.18.1-50-g88ac8fd (webtiles) character file.

155 magog001 the Shield-Bearer (level 5, 0/47 HPs)
             Began as a Minotaur Fighter on Aug 24, 2017.
             Succumbed to Ijyb's poison
             ... on level 3 of the Dungeon.
             The game lasted 00:09:28 (1763 turns).

magog001 the Shield-Bearer (Minotaur Fighter)       Turns: 1763, Time: 00:09:29

Health: 0/47       AC:  9    Str: 21 (22) XL:     5   Next: 14%
Magic:  4/4        EV:  7    Int:  4 (5)  God:
Gold:   81         SH:  9    Dex:  6 (9)  Spells: 0 memorised, 4 levels left

rFire  . . .     SeeInvis .     h - +1 spear (venom)
rCold  . . .     Gourm    .     b - +0 scale mail
rNeg   . . .     Faith    .     c - +0 shield
rPois  .         Spirit   .     (helmet restricted)
rElec  .         Dismiss  .     o - +0 cloak
rCorr  .         Reflect  .     w - +0 pair of gloves
SustAt .         Harm     .     (no boots)
MR     .....                    (no amulet)
Stlth  ..........               (no ring)
                                t - ring of wizardry

@: lethally poisoned (0 -> -14), not resistant to hostile enchantments,
extremely unstealthy
A: retaliatory headbutt, horns 2
a: no special abilities


You were on level 3 of the Dungeon.
You were hungry.

You visited 1 branch of the dungeon, and saw 3 of its levels.

You collected 81 gold pieces.

Inventory:

Hand Weapons
 a - a +0 war axe
 h - a +1 spear of venom (weapon)
Missiles
 g - 45 sling bullets
 i - 13 curare-tipped needles
 n - 38 poisoned needles
Armour
 b - a +0 scale mail (worn)
 c - a +0 shield (worn)
 o - a +0 cloak (worn)
 w - a +0 pair of gloves (worn)
 y - a +0 plate armour
Jewellery
 t - a ring of wizardry (left hand)
Wands
 v - a wand of digging (7/24)
Scrolls
 e - a scroll of teleportation {unknown}
 j - 5 scrolls of identify {unknown}
 l - a scroll of immolation {unknown}
 m - a scroll of magic mapping {unknown}
 p - a scroll of blinking {unknown}
 q - a scroll of remove curse {unknown}
 r - 2 scrolls of enchant armour {unknown}
 u - a scroll of recharging {unknown}
Potions
 d - a potion of might
 k - a potion of degeneration
 s - a potion of invisibility {unknown}
Comestibles
 f - 2 bread rations
 x - a chunk of flesh


   Skills:
 * Level 4.5 Fighting
 - Level 2.5(2.7) Axes
 * Level 1.4(2.2) Polearms
 * Level 4.9 Armour
 + Level 0.1 Stealth
 * Level 5.1 Shields


You had 4 spell levels left.
You didn't know any spells.

Dungeon Overview and Level Annotations

Branches:
Dungeon (3/15)

Altars:
Pakellas
Yredelemnul


Innate Abilities, Weirdness & Mutations

You reflexively headbutt those who attack you in melee.
You have a pair of horns on your head.


Message History

* * * LOW HITPOINT WARNING * * *
You hit the hound.
The hound is poisoned.
Your headbutt misses the hound.
The hound is heavily wounded.
* * * LOW HITPOINT WARNING * * *
You feel sick. The hound bites you.
* * * LOW HITPOINT WARNING * * *
The hound closely misses you. You furiously retaliate!
You headbutt the hound!
You kill the hound!
Your Shields skill increases to level 5!
You have reached level 5!
* * * LOW HITPOINT WARNING * * *
You feel sick.
* * * LOW HITPOINT WARNING * * *
You feel sick.
Found a basalt altar of Yredelemnul.
Drink which item? (? for menu, Esc to quit)
It was a potion of degeneration.
There was something very wrong with that liquid.
You feel weakened.
You feel dopey.
You feel clumsy.
You die...

.).....<.....##......###########.
###############.###............#.
##.###.##########.#
#####...#.....# ...........##.#
###.# ...#...##.# # ....## P
##)###.# ....... ._..##.###.#
####### .P.P....@...#
..%..######## ####


There were no monsters in sight!

Vanquished Creatures
  A hound (D:3)
  Ijyb (D:3)
  3 adders
  3 worms
  6 dart slugs
  3 giant geckos
  2 orcs (D:3)
  6 goblins
  3 hobgoblins
  6 kobolds
  2 quokkas
  A ball python (D:1)
  7 bats
  5 giant newts
  5 rats
54 creatures vanquished.

Notes
Turn   | Place    | Note
--------------------------------------------------------------
     0 | D:1      | magog001 the Minotaur Fighter began the quest for the Orb.
     0 | D:1      | Reached XP level 1. HP: 19/19 MP: 0/0
    67 | D:1      | Reached skill level 4 in Shields
    88 | D:1      | Reached XP level 2. HP: 17/27 MP: 1/1
   629 | D:2      | Reached XP level 3. HP: 22/33 MP: 2/2
  1125 | D:2      | Found an oddly glowing altar of Pakellas.
  1299 | D:3      | Reached XP level 4. HP: 36/40 MP: 3/3
  1327 | D:3      | Reached skill level 1 in Polearms
  1733 | D:3      | Noticed Ijyb
  1756 | D:3      | Killed Ijyb
  1760 | D:3      | Reached skill level 5 in Shields
  1760 | D:3      | Reached XP level 5. HP: 5/47 MP: 4/4
  1762 | D:3      | Found a basalt altar of Yredelemnul.
  1762 | D:3      | HP: 2/47 [poisoned by Ijyb]
  1763 | D:3      | Succumbed to Ijyb's poison

Skill      XL: |  1  2  3  4 |
---------------+-------------+-----
Shields        | 4 5 |  5.1
Armour         | 4 |  4.9
Fighting       | 4 |  4.5
Polearms       | 1 |  1.4
Axes           | |  2.5
Stealth        | |  0.1

Action                   |  1- 3 |  4- 6 || total
-------------------------+-------+-------++-------
Melee: War axe           |     9 |       ||     9
       Spear             |    83 |    56 ||   139
       Headbutt          |     9 |    10 ||    19
  Use: Potion            |       |     1 ||     1
  Eat: Chunk             |     1 |     1 ||     2
Armor: Scale mail        |    24 |    26 ||    50
Dodge: Dodged            |    23 |    11 ||    34
Block: Shield            |    53 |    28 ||    81
